 Dungeon Crawl Stone Soup version 0.25-a0-521-gb5d5f98535 (webtiles) character file.

Game seed: 13872077261702583361, levelgen mode: deterministic

8 Banto the Poker (level 2, 18/22 HPs)
             Began as a Demonspawn Gladiator on Feb 18, 2020.
             Quit the game on level 1 of the Dungeon.
             The game lasted 00:00:28 (342 turns).

Banto the Poker (Demonspawn Gladiator)               Turns: 342, Time: 00:00:29

Health: 18/22      AC:  3    Str: 14    XL:     2   Next: 0%
Magic:  2/2        EV: 12    Int:  9    God:
Gold:   11         SH:  0    Dex: 14    Spells: 1/1 levels left

rFire    . . .     SeeInvis .   a - +0 trident
rCold    . . .     Gourm    .   (no shield)
rNeg     . . .     Faith    .   b - +0 leather armour
rPois    .         Spirit   .   (helmet restricted)
rElec    .         Reflect  .   (no cloak)
rCorr    .         Harm     .   (no gloves)
MR       .....                  (no boots)
Stlth    +.........             (no amulet)
HPRegen  0.07/turn              (no ring)
MPRegen  0.08/turn              (no ring)

@: no status effects
A: horns 1
a: no special abilities


You were on level 1 of the Dungeon.
You were not hungry.

You visited 1 branch of the dungeon, and saw 1 of its levels.

You collected 11 gold pieces.

Inventory:

Hand Weapons
 a - a +0 trident (weapon)
Missiles
 d - 3 throwing nets (quivered)
Armour
 b - a +0 leather armour (worn)
 c - a +0 helmet
Scrolls
 e - a scroll of blinking {unknown}
 h - a scroll of remove curse {unknown}
Comestibles
 f - a ration
 g - 4 chunks of flesh


   Skills:
 - Level 2.0 Fighting
 + Level 3.2 Polearms
 - Level 1.7 Throwing
 - Level 2.6 Dodging


You had one spell level left.
You didn't know any spells.
Your spell library was empty.

Dungeon Overview and Level Annotations

Branches:
Dungeon (1/15)

Altars:


Innate Abilities, Weirdness & Mutations

You have a pair of small horns on your head.


Message History

The kobold shouts!
Attack whom?
Press: ? - help, Dir - move target cursor, f - kobold
Aim: a kobold You reach to attack!
You hit the kobold.
You kill the kobold!
You have reached level 2!
You feel monstrous as your demonic heritage exerts itself.
Your demonic ancestry asserts itself...
A pair of horns grows on your head!
Your +0 helmet falls away!
Health restored: 22; MP restored: 2
Found a stone staircase leading down.
Some of the chunks of flesh in your inventory have rotted away.
Some of the chunks of flesh in your inventory have rotted away.
A goblin comes into view. It is wielding a +0 club.
The goblin shouts!
You barely miss the goblin. The goblin hits you with a +0 club.
You take 4 damage, and have 18/22 hp.
Are you sure you want to abandon this character and quit the game? (Confirm with "yes".)

##.#.###.#........##..#
#.#.# #.#.####...##..#
#.#.# #...# #.......#
#.#.# ##..# #..###.##
#.#.# #..# #... #.#
#.#.# ##.## ##.#.#.#
#.#.#####..####.#.#.#
##.#.............g.#.#
##...........###@###.#
##...................#
##........##..##.###....
##........###.##... ..
#........# #.##.###
##........# #.##.#
....####+## #.##.# ....#
#.##.# ....# #.. .#


You could see a goblin.

Vanquished Creatures
  A ball python (D:1)
  A hobgoblin (D:1)
  2 jackals (D:1)
  A bat (D:1)
  A frilled lizard (D:1)
  A goblin (D:1)
  A kobold (D:1)
8 creatures vanquished.

Notes
Turn   | Place    | Note
-------+----------+-------------------------------------------
     0 | D:1      | Banto the Demonspawn Gladiator began the quest for the Orb.
     0 | D:1      | Reached XP level 1. HP: 16/16 MP: 1/1
    90 | D:1      | Reached skill level 3 in Polearms
   277 | D:1      | Gained mutation: You have a pair of small horns on your
                  | head. [demonic ancestry]
   277 | D:1      | Reached XP level 2. HP: 21/22 MP: 2/2
   342 | D:1      | Quit the game

Levels and vault maps discovered:
D:1:      kennysheep_arrival_seaside, layout_basic

Skill      XL: |  1 |
---------------+----+-----
Polearms       | 3 |  3.2
Fighting       | |  2.0
Throwing       | |  1.7
Dodging        | |  2.6

Action                   || total
-------------------------++-------
Melee: Trident           ||    24
 Stab: Sleeping          ||     1
Armor: Leather armour    ||    10
Dodge: Dodged            ||     8

Table legend:
 A = Non-vault XP
 B = Vault XP
 C = Vault XP percentage of total XP
 D = Non-vault monster count
 E = Vault monster count
 F = Vault count percentage of total count
                 A         B        C        D         E       F
            +---------+---------+-------+---------+---------+-------
      Total |      12 |       0 |   0.0 |       8 |       0 |   0.0
            +---------+---------+-------+---------+---------+-------
        D:1 |      12 |       0 |   0.0 |       8 |       0 |   0.0
            +---------+---------+-------+---------+---------+-------

Table legend:
 A = Turns spent in this place as a percentage of turns spent in the entire game.
 B = Non-inter-level travel turns spent in this place as a percentage of non-inter-level travel turns spent in the entire game.
 C = Inter-level travel turns spent in this place as a percentage of turns spent in this place.
 D = Turns resting spent in this place as a percentage of non-inter-level travel turns spent in this place.
 E = Turns spent auto-exploring this place as a percentage of non-inter-level travel turns spent in this place.
 F = Non-inter-level travel turns spent in this place divided by the number of levels of this place that you've seen.
                   A       B       C       D       E      F
               +-------+-------+-------+-------+-------+----------------------
         Total | 100.0 | 100.0 |   0.0 |  40.9 |  40.1 | 342.0
       Dungeon | 100.0 | 100.0 |   0.0 |  40.9 |  40.1 | 342.0
               +-------+-------+-------+-------+-------+----------------------

Table legend:
 A = Kills in this place as a percentage of kills in entire the game.
 B = Kills by you in this place as a percentage of kills by you in the entire game.
 C = Kills by friends in this place as a percentage of kills by friends in the entire game.
 D = Other kills in this place as a percentage of other kills in the entire game.
 E = Experience gained in this place as a percentage of experience gained in the entire game.
 F = Experience gained in this place divided by the number of levels of this place that you have seen.
                   A       B       C       D       E      F
               +-------+-------+-------+-------+-------+----------------------
         Total | 100.0 | 100.0 |   N/A |   N/A | 100.0 |  12.0
       Dungeon | 100.0 | 100.0 |   N/A |   N/A | 100.0 |  12.0
               +-------+-------+-------+-------+-------+----------------------
